 Dungeon Crawl Stone Soup version 0.28.0-53-g5a82cb258f (webtiles) character file.

Game seed: 10658119897919030267

46 issech the Chopper (level 3, -2/33 HPs)
             Began as a Minotaur Monk on June 24, 2022.
             Slain by an ogre
             ... wielding a +0 giant club
              (25 damage)
             ... on level 3 of the Dungeon.
             The game lasted 00:03:56 (2129 turns).

issech the Chopper (Minotaur Monk)                  Turns: 2129, Time: 00:03:57

Health: -2/33      AC:  5    Str: 15    XL:     3   Next: 44%
Magic:  2/2        EV: 12    Int:  7    God:
Gold:   98         SH:  0    Dex: 14    Spells: 2/2 levels left

rFire   . . .      SeeInvis .   a - +0 hand axe
rCold   . . .      Faith    .   (no shield)
rNeg    . . .      Spirit   .   m - +0 ring mail
rPois   .          Reflect  .   (helmet restricted)
rElec   .          Harm     .   (no cloak)
rCorr   .          Rampage  .   (no gloves)
Will    .....                   (no boots)
Stlth   +.........              (no amulet)
HPRegen 0.11/turn               (no ring)
MPRegen 0.08/turn               (no ring)

@: no status effects
A: horns 2, retaliatory headbutt
a: no special abilities


You were on level 3 of the Dungeon.
You visited 1 branch of the dungeon, and saw 3 of its levels.

You collected 98 gold pieces.

Inventory:

Hand Weapons
 a - a +0 hand axe (weapon)
Missiles
 c - 32 sling bullets
 e - 42 stones (quivered)
 g - 13 arrows
 h - 6 poisoned darts
Armour
 i - a +0 leather armour
 m - a +0 ring mail (worn)
Scrolls
 b - 2 scrolls of identify {unknown}
 d - a scroll of amnesia {unknown}
 f - 2 scrolls of fog {unknown}
 k - a scroll of teleportation {unknown}
 l - a scroll of immolation {unknown}
 p - a scroll of enchant armour {unknown}
Potions
 j - a potion of haste {unknown}
 n - a potion of attraction {unknown}
 o - a potion of cancellation {unknown}
 q - a potion of brilliance {unknown}


   Skills:
 + Level 4.1 Fighting
 + Level 4.5 Axes
 + Level 0.2 Armour
 + Level 3.8 Dodging
 + Level 1.6 Stealth


You had 2 spell levels left.
You didn't know any spells.
Your spell library was empty.

Dungeon Overview and Level Annotations

Branches:
Dungeon (3/15)

Altars:
Sif Muna


Innate Abilities, Weirdness & Mutations

You have a pair of horns on your head.
You reflexively headbutt those who attack you in melee.


Message History

Found 7 gold pieces.
You now have 98 gold pieces (gained 7).
There is a shaft here.
Found a stone staircase leading up.
Found a stone staircase leading down.
An endoplasm and an adder come into view.
The endoplasm quivers.
The endoplasm moves out of view.
There is a stone staircase leading down here.
The endoplasm freezes you.
You are frozen.
You barely miss the endoplasm. The endoplasm barely misses you.
You hit the endoplasm. You headbutt the endoplasm.
The endoplasm is almost dead.
The endoplasm freezes you.
You are frozen.
You hit the endoplasm.
You kill the endoplasm!
HP restored.
Found a stone staircase leading down.
There is a stone staircase leading down here.
Found a quarterstaff.
An ogre comes into view. It is wielding a +0 giant club.
Found a scroll labelled FONEAZ QOXKO.
The ogre shouts!
The ogre barely misses you.
You see here a +0 quarterstaff.
You barely miss the ogre. You headbutt the ogre.
The ogre is lightly wounded.
The ogre closely misses you.
You hit the ogre but do no damage.
The ogre is lightly wounded.
You hit the ogre but do no damage.
The ogre is lightly wounded.
The ogre hits you with a +0 giant club!
You barely miss the ogre. You punch the ogre, but do no damage.
The ogre is lightly wounded.
The ogre hits you with a +0 giant club!!
Ouch! That really hurt!
You die...

...# ... ..# ..?
#.# #.# #O# #@#
#.# #.# #.# #.#
##### #.#
##...###########.#
.................#
##...#############


You could see an ogre.

Vanquished Creatures
  2 worms (D:2)
  A dart slug (D:1)
  3 ball pythons (D:1)
  2 bats
  8 endoplasms
  2 giant cockroaches (D:1)
  3 goblins
  2 hobgoblins
  2 kobolds
  2 quokkas (D:1)
  2 frilled lizards (D:1)
  5 rats
34 creatures vanquished.

Notes
Turn   | Place    | Note
-------+----------+-------------------------------------------
     0 | D:1      | issech the Minotaur Monk began the quest for the Orb.
     0 | D:1      | Reached XP level 1. HP: 19/19 MP: 0/0
   443 | D:1      | Reached XP level 2. HP: 17/27 MP: 1/1
   911 | D:1      | Found a faded altar of an unknown god.
  1326 | D:2      | Reached XP level 3. HP: 33/33 MP: 2/2
  1876 | D:2      | Found a shimmering blue altar of Sif Muna.
  2121 | D:3      | Noticed an ogre
  2129 | D:3      | Slain by an ogre

Illustrated notes

Levels and vault maps discovered:
D:1:      lightli_arrival_farm, layout_basic, chequers_ecumenical_altar_grove
D:2:      layout_basic, basic_altar, kennysheep_generic_room_3
D:3:      layout_basic, serial_shops, shop, kennysheep_generic_room_15,
          uniq_sigmund

Skill      XL: |  1  2 |
---------------+-------+-----
Axes           | 4 |  4.5
Fighting       | 4 |  4.1
Armour         | |  0.2
Dodging        | |  3.8
Stealth        | |  1.6

Action                   || total
-------------------------++-------
Melee: Hand axe          ||    86
       Headbutt          ||    15
       Punch             ||     2
 Stab: Sleeping          ||     2
Armor: Robe              ||    10
       Leather armour    ||     3
       Ring mail         ||     3
Dodge: Dodged            ||    47
